 Dungeon Crawl Stone Soup version 0.18-a0-1784-ga939a68 (webtiles) character file.

4813 M4edhros the Blocker (level 10, -1/63 HPs)
             Began as a Formicid Necromancer on Apr 18, 2016.
             Was an Elder of Cheibriados.
             Slain by a hell hound (4 damage)
             ... on level 11 of the Dungeon.
             The game lasted 00:30:26 (3485 turns).

M4edhros the Blocker (Formicid Necromancer)         Turns: 3485, Time: 00:30:26

Health: -1/63      AC: 20    Str: 22    XL:     10   Next: 77%
Magic:  0/14       EV: 13    Int: 24    God:    Cheibriados [****..]
Gold:   326        SH: 14    Dex: 23    Spells: 2 memorised, 9 levels left

rFire  . . .     SeeInvis +     o - +1 dagger (venom)
rCold  + + +     Gourm    .     s - +6 plate armour of the Hundredfold Lives {rC++}
rNeg   . . .     Faith    .     p - +0 shield
rPois  .         Spirit   +     (helmet unavailable)
rElec  .         Dismiss  .     (no cloak)
rCorr  .         Reflect  .     (no gloves)
SustAt .         Harm     .     (no boots)
MR     ++...                    G - amulet of guardian spirit
Stlth  ..........               E - ring of protection from magic
                                k - +4 ring of protection

@: lethally poisoned (-1 -> -8), very slow, very resistant to hostile
enchantments, extremely unstealthy
A: permanent stasis, dig shafts and tunnels, four strong arms, antennae 3, cold
resistance 1, sense surroundings 1, wild magic 1
a: Dig, Shaft Self, Bend Time, Temporal Distortion, Slouch, Renounce Religion


You were on level 11 of the Dungeon.
You worshipped Cheibriados.
Cheibriados was greatly pleased with you.
You were not hungry.

You visited 1 branch of the dungeon, and saw 11 of its levels.
You also visited: Sewer.

You collected 326 gold pieces.

Inventory:

Hand Weapons
 g - a +0 dagger
 n - a +0 hunting sling
 o - a +1 dagger of venom (weapon)
 A - a +0 blowgun
Missiles
 e - 138 stones (quivered)
 f - 14 sling bullets
 B - 28 poisoned needles
Armour
 l - a +0 buckler
 p - a +0 shield (worn)
 q - a troll hide {Purgy}
 s - the +6 plate armour of the Hundredfold Lives (worn) {rC++}
   (You found it on level 5 of the Dungeon)

   It greatly protects you from cold.
Magical Staves
 D - an uncursed staff of poison
Jewellery
 k - a +4 ring of protection (left hand)
 E - a ring of protection from magic (right hand)
 G - an amulet of guardian spirit (around neck)
Wands
 j - a wand of iceblast (3/15)
 t - a wand of acid (0/15)
 w - a wand of lightning (8/15)
 x - a wand of lightning (0/15)
 z - a wand of iceblast (7/15)
Scrolls
 a - a scroll of enchant weapon {unknown}
 d - a scroll of random uselessness {unknown}
 m - 2 scrolls of fear
 y - a scroll of remove curse
 H - a scroll of recharging {unknown}
Potions
 r - 2 potions of brilliance
 u - a potion of curing
Books
 b - a book of Necromancy

   Spells                             Type                      Level
   a - Pain                           Necromancy                   1
   b - Animate Skeleton               Necromancy                   1
   c - Vampiric Draining              Necromancy                   3
   d - Regeneration                   Charms/Necromancy            3
   e - Animate Dead                   Necromancy                   4
   f - Control Undead                 Necromancy                   4
Miscellaneous
 C - an ornate deck of changes
Comestibles
 c - 4 bread rations
 h - 2 beef jerkies
 i - 8 meat rations
 v - 7 slices of pizza


   Skills:
 + Level 9.4 Dodging
 - Level 2.4 Stealth
 - Level 11.6 Shields
 - Level 2.1 Spellcasting
 - Level 4.0 Necromancy
 * Level 5.7 Evocations


You had 9 spell levels left.
You knew the following spells:

 Your Spells              Type           Power        Failure   Level  Hunger
a - Pain                  Necr           ####         77%         1    None
b - Regeneration          Chrm/Necr      ###.......   100%        3    ###....


Dungeon Overview and Level Annotations

Branches:
Dungeon (11/15)            Temple (0/1) D:7            Lair (0/8) D:11
    Orc: D:9-12

Altars:
Cheibriados
Elyvilon
Fedhas
Makhleb
Xom
Zin

Annotations:
D:4 Natasha, Robin


Innate Abilities, Weirdness & Mutations

You are under a permanent stasis effect.
You can dig through walls and to a lower floor.
Your four strong arms can wield two-handed weapons with a shield.
You have a pair of large antennae on your head (SInv).
Your flesh is cold resistant.
You passively map a small area around you.
Your spells are a little harder to cast, but a little more powerful.


Message History

You block the hell hound's attack.
Your plate armour of the Hundredfold Lives prevents you from hitting the hell hound.
The hell hound is moderately wounded.
You feel sick. The hell hound bites you.
You hit the hell hound but do no damage.
The hell hound is poisoned.
The hell hound is moderately wounded.
You feel sick. You block the hell hound's attack. The hell hound bites you.
* * * LOW HITPOINT WARNING * * *
You hit the hell hound.
The hell hound looks even sicker.
The hell hound is heavily wounded.
You feel sick. The hell hound breathes flames at you.
The blast of flame hits you!
* * * LOW HITPOINT WARNING * * *
You closely miss the hell hound.
The hell hound is heavily wounded.
* * * LOW HITPOINT WARNING * * *
You feel sick. The hell hound bites you.
You die...

* #..§§.§≈≈...
###.§§≈≈≈.≈≈.. , ,
#.# .....≈≈≈≈h≈..
##, ...
#{.§§≈≈≈≈... ..,,.
... , #..........#
.##. ##. #.# ,..#
#... #.. , #†#
..#<.# * .P
*,##h## **...#* ..
#.#..@#####.## #.
#.....?...>..# #.
###...######.#####
##. ##.##
#.#...###.. #.#
#...P....._ #.#
###...###.. #.#
##### ##. * #. #.
*#.


You could see a hell hound.

Vanquished Creatures
  An ugly thing (D:11)
  A troll (D:9)
  A wyvern (D:11)
  A human (D:7)
  9 yaks
  A hell hound (D:11)
  2 orc warriors
  Purgy (Sewer)
  3 sky beasts
  A black bear (D:6)
  A phantom (D:9)
  3 ogres
  A necrophage (D:9)
  4 centaurs
  2 big kobolds
  3 giant frogs
  5 killer bees (D:7)
  A crimson imp (D:5)
  2 quasits
  An orc priest (D:9)
  A centaur skeleton (D:6)
  A hound (D:6)
  3 orc wizards
  A giant frog skeleton (D:9)
  7 worker ants
  3 sheep (D:7)
  A hound skeleton (D:9)
  2 adders (D:3)
  3 gnolls (D:8)
  2 adder skeletons
  2 adder zombies (D:9)
  2 dart slugs (D:1)
  2 giant geckos
  9 orcs
  9 giant cockroaches
  6 goblins (D:1)
  3 hobgoblins
  6 jackals
  A quokka (D:7)
  3 ball pythons
  8 bats
  A giant cockroach zombie (D:6)
  A giant newt (D:1)
  16 kobolds
  5 rats
142 creatures vanquished.

Notes
Turn   | Place    | Note
--------------------------------------------------------------
     0 | D:1      | M4edhros the Formicid Necromancer began the quest for the Orb.
     0 | D:1      | Reached XP level 1. HP: 13/13 MP: 3/3
    89 | D:1      | Reached XP level 2. HP: 6/19 MP: 5/5
   248 | D:1      | Reached XP level 3. HP: 10/24 MP: 6/6
   431 | D:1      | Learned a level 3 spell: Regeneration
   722 | D:3      | You fall through a shaft!
   763 | D:4      | Found a burning altar of Makhleb.
   764 | D:4      | Noticed a balrug
   767 | D:4      | Found a glowing silver altar of Zin.
   767 | D:4      | Noticed an angel
   778 | D:4      | Noticed an ogre
   930 | D:3      | Reached skill level 1 in Shields
   930 | D:3      | Reached XP level 4. HP: 29/30 MP: 4/7
   986 | D:3      | Found a blossoming altar of Fedhas.
   986 | D:3      | Found a shimmering altar of Xom.
  1000 | D:4      | Noticed Natasha
  1111 | D:3      | Reached skill level 2 in Shields
  1172 | D:4      | Noticed Robin
  1184 | D:5      | Entered Level 5 of the Dungeon
  1199 | D:5      | Noticed a giant frog
  1201 | D:5      | Killed a giant frog
  1201 | D:5      | Reached skill level 3 in Shields
  1201 | D:5      | Reached XP level 5. HP: 35/35 MP: 8/8
  1201 | D:5      | Reached skill level 4 in Shields
  1307 | D:5      | Got a crude plate armour
  1331 | D:5      | Identified the +6 plate armour of the Hundredfold Lives {rC++} (You found it on level 5 of the Dungeon)
  1374 | D:5      | Reached skill level 5 in Shields
  1374 | D:5      | Reached XP level 6. HP: 38/41 MP: 9/9
  1379 | D:5      | Found a snail-covered altar of Cheibriados.
  1382 | D:5      | Became a worshipper of Cheibriados the Contemplative
  1480 | D:6      | Reached skill level 6 in Shields
  1488 | D:6      | Found a glowing drain.
  1508 | Sewer    | Entered a sewer
  1525 | Sewer    | Reached * piety under Cheibriados
  1562 | Sewer    | Noticed Purgy
  1574 | Sewer    | Killed Purgy
  1574 | Sewer    | Reached XP level 7. HP: 45/46 MP: 10/10
  1768 | D:6      | Reached skill level 7 in Shields
  1775 | D:6      | Reached skill level 5 in Dodging
  1789 | D:6      | Reached XP level 8. HP: 39/52 MP: 11/11
  1819 | D:6      | Reached skill level 8 in Shields
  1994 | D:7      | Noticed a yak
  1994 | D:7      | Noticed a human
  2012 | D:7      | Killed a human
  2038 | D:7      | Killed a yak
  2195 | D:7      | Reached ** piety under Cheibriados
  2195 | D:7      | Reached skill level 9 in Shields
  2209 | D:7      | Reached XP level 9. HP: 41/57 MP: 12/12
  2231 | D:7      | Gained mutation: You passively map a small area around you. [potion of mutation]
  2231 | D:7      | Gained mutation: Your flesh is cold resistant. [potion of mutation]
  2231 | D:7      | Gained mutation: Your spells are a little harder to cast, but a little more powerful. [potion of mutation]
  2241 | D:7      | Found a staircase to the Ecumenical Temple.
  2441 | D:8      | Reached skill level 10 in Shields
  2731 | D:9      | Reached *** piety under Cheibriados
  2851 | D:9      | Noticed a troll
  2861 | D:9      | Killed a troll
  2923 | D:9      | Reached skill level 11 in Shields
  2933 | D:9      | Reached XP level 10. HP: 50/63 MP: 13/13
  3039 | D:9      | Reached skill level 1 in Evocations
  3163 | D:9      | Found a white marble altar of Elyvilon.
  3207 | D:10     | Entered Level 10 of the Dungeon
  3360 | D:11     | Reached **** piety under Cheibriados
  3422 | D:11     | Found a white marble altar of Elyvilon.
  3450 | D:11     | Found a staircase to the Lair.
  3451 | D:11     | Noticed a green ugly thing
  3473 | D:11     | Killed a green ugly thing
  3473 | D:11     | Reached skill level 5 in Evocations
  3485 | D:11     | HP: 3/63 [poisoned by a green ugly thing]
  3485 | D:11     | Slain by a hell hound

Vault maps used:
D:1:      nicolae_arrival_washed_ashore, minmay_cupped
D:2:      overflow_temple_1_default, first_bread, ecumenical_altar_2,
          minmay_unequal
D:3:      gammafunk_temple_overflow_statue, minmay_quantized
D:4:      grunt_temple_overflow_order_and_chaos_2, bloody_trog, uniq_robin,
          uniq_natasha, uniq_sigmund
D:5:      kennysheep_mini_moat, serial_corexii_hall, corexii_hall_statues_i,
          corexii_hall_statues_l, uniq_crazy_yiuf_cottage
D:6:      gup_sewer_entry_pipe
D:7:      grunt_livestock, uniq_pikel, uniq_joseph
D:8:      uniq_prince_ribbit1
D:9:      kennysheep_little_box, billiards_dpeg
D:10:     erik_orc_4, lightli_church_of_beogh
D:11:     minmay_lair_entry_lava, corexii_checkpoint_a, elyvilon_altar_1
Sewer:    sewer_big_baddie

Skill      XL: |  1  2  3  4  5  6  7  8  9 10 |
---------------+-------------------------------+-----
Dodging        | 2 3 4 5 6 8 9 |  9.4
Shields        | 1 3 5 6 7 9 11 | 11.6
Evocations     | 5 |  5.7
Stealth        | |  2.4
Spellcasting   | |  2.1
Necromancy     | |  4.0

Action                   |  1- 3 |  4- 6 |  7- 9 | 10-12 || total
-------------------------+-------+-------+-------+-------++-------
Melee: Unarmed           |    95 |       |    15 |       ||   110
       Dagger            |   108 |   102 |   477 |   188 ||   875
       Staff             |       |       |       |     8 ||     8
 Fire: Hunting sling     |       |       |     7 |       ||     7
 Cast: Pain              |    25 |    12 |       |       ||    37
       Regeneration      |     2 |     2 |     3 |       ||     7
Invok: Bend Time         |       |       |       |     1 ||     1
 Abil: Shaft Self        |     1 |       |       |       ||     1
       Dig               |       |       |     5 |       ||     5
Evoke: Wand              |       |     4 |     3 |     4 ||    11
  Use: Potion            |     4 |     2 |     3 |     1 ||    10
       Scroll            |       |     4 |     3 |     1 ||     8
 Stab: Sleeping          |     1 |       |       |       ||     1
  Eat: Chunk             |       |     4 |     2 |     1 ||     7
       Bread ration      |       |       |     1 |       ||     1
Armor: Chain mail        |   162 |       |       |       ||   162
       Robe              |    31 |     2 |       |       ||    33
       Plate armour      |       |   110 |   273 |    67 ||   450
Dodge: Dodged            |   134 |    32 |   159 |    60 ||   385
Block: Buckler           |     1 |     7 |       |       ||     8
       Shield            |       |    44 |   310 |   145 ||   499
